Description

Clem's safe (Lambo's words, not mine) 2-1-1 opening against Zerg, 2 hellions into quick stim for a 16 marine drop

Replay - Clem v Serral: Game 3 - [EWC] Ghost River

Build Order

Get SALT Encoding   

  12  0:00  SCV  Rally to Main Base wall-off
  13  0:12  SCV  
  14  0:17  Supply Depot  Send SCV building this to scout Zerg natural after completion
  14  0:24  SCV  
  15  0:38  SCV  
  15  0:39  Barracks  
  16  0:44  Refinery  
  16  0:50  SCV  
  17  1:02  SCV  
  18  1:14  SCV  
  19  1:27  Reaper, Orbital Command  
  20  1:38  Command Center  
  20  1:46  Supply Depot  
  20  1:52  SCV  
  21  1:58  Marine  
  22  2:04  SCV  
  23  2:09  Factory  Swap onto Barrack's Reactor after completion
  23  2:17  SCV  
  23  2:22  Barracks Reactor  
  24  2:29  SCV  
  25  2:38  Command Center  
  25  2:41  SCV  
  26  2:50  Orbital Command  
  26  2:53  SCV  
  27  2:59  Barracks  
  27  3:05  Barracks Tech Lab  
  27  3:06  SCV  
  27  3:08  Hellion  
  27  3:12  Hellion  
  32  3:16  SCV  
  32  3:18  SCV  
  34  3:23  Marine, Refinery  
  34  3:26  Stimpack  
  35  3:29  SCV  
  35  3:30  SCV  
  37  3:41  Marine, SCV  
  37  3:44  SCV  
  39  3:49  Orbital Command, Starport  
  39  3:53  SCV  
  40  3:56  Marine x2, SCV, Factory Reactor  
  40  4:00  Marine  
  44  4:05  SCV  
  44  4:08  SCV  
  46  4:13  Marine  
  46  4:14  Marine  
  46  4:16  SCV  
  49  4:17  SCV  
  49  4:18  Marine  
  49  4:20  SCV  
  49  4:23  Supply Depot  
  52  4:28  SCV  
  52  4:30  SCV  
  54  4:31  Marine  
  54  4:32  Marine  
  54  4:35  Barracks, SCV  
  54  4:36  Marine  
  54  4:37  Medivac  
  60  4:38  Factory Tech Lab  
  60  4:41  Refinery, SCV  
  60  4:44  Supply Depot  
  60  4:45  Medivac, SCV  
  64  4:47  SCV  
  64  4:49  Marine, Engineering Bay  
  64  4:50  Marine, Engineering Bay  
  64  4:51  Orbital Command  
  63  4:56  Marine, Refinery  
  63  4:57  SCV  
  63  4:59  SCV  
  66  5:06  Supply Depot, Combat Shield  
  66  5:08  Supply Depot  
  66  5:09  SCV  
  66  5:10  Marine  
  66  5:13  Marine  
  69  5:17  SCV  
  69  5:18  SCV  
  72  5:21  Marine, Siege Tank, SCV  
  72  5:28  Marine, Supply Depot  
  75  5:30  Starport Reactor, Marine x2  
  75  5:31  Marine  
  78  5:36  Supply Depot, SCV  
  78  5:39  Marine  
  78  5:40  SCV  
  78  5:46  Marine, SCV  
  78  5:48  Marine x2  
  78  5:49  Marine  
  76  5:53  SCV x2  
  76  5:56  Siege Tank  
  71  5:57  Marine  
  71  5:58  SCV  
  71  6:04  Marine  
  65  6:05  SCV x2  
  65  6:06  Marine x2  
  65  6:07  Marine  
  65  6:10  SCV  
  70  6:13  Medivac  
  70  6:14  Medivac  
  70  6:15  Marine  
  70  6:17  SCV  
  73  6:21  Marine, SCV  
  73  6:23  SCV  
  73  6:24  Marine  
  72  6:26  Marine x2  
  72  6:29  SCV  
  72  6:32  Siege Tank  
  77  6:33  Marine, SCV  
  77  6:38  SCV  
  78  6:40  Marine  
  78  6:41  SCV  
  78  6:44  Marine  
  78  6:45  SCV  
  78  6:47  Marine  
  79  6:49  Terran Infantry Weapons Level 1  
  79  6:50  Marine, SCV  
  81  6:54  SCV  
  81  6:56  Marine, Barracks  
  81  6:57  Barracks  
  81  6:58  SCV  
  81  6:59  Marine  
  85  7:02  SCV  
  85  7:03  Supply Depot  
  85  7:06  Refinery, SCV  
  85  7:08  Siege Tank  
  90  7:09  Marine  
  90  7:11  SCV  
  90  7:14  Marine, Supply Depot  
  90  7:15  Marine  
  94  7:16  SCV  
  94  7:20  Terran Infantry Armor Level 1  
  94  7:21  Marine  
  96  7:23  Marine  
  96  7:25  SCV  
  96  7:28  Marine  
  96  7:29  SCV  
  100  7:33  Supply Depot, SCV  
  100  7:36  Armory  
  101  7:38  Marine  
  101  7:39  Marine  
  101  7:40  SCV  
  101  7:41  Marauder, Medivac  
  108  7:44  Marine, Supply Depot  
  108  7:46  Barracks Reactor  
  108  7:47  SCV  
  108  7:50  Barracks Reactor, SCV  
  111  7:51  Marine  
  111  7:52  Refinery x2  
  111  7:53  SCV  
  111  7:54  Supply Depot  
  111  7:56  Marine  
  114  7:59  SCV  
  114  8:01  Marine, Factory  
  114  8:02  Marine  
  114  8:06  Marine, Supply Depot  
  114  8:09  Marine, SCV x2  
  117  8:14  Marine  
  117  8:15  Siege Tank  
  117  8:17  SCV  
  117  8:18  Supply Depot  
  117  8:19  Marine  
  122  8:20  Marine  
  122  8:21  SCV  
  122  8:22  SCV  
  122  8:24  Marine  
  124  8:29  Medivac x2  
  124  8:30  Marine x4  
  124  8:31  Marine  
  124  8:32  Marine  
  133  8:36  Supply Depot  
  133  8:38  Terran Vehicle Weapons Level 1  
  133  8:39  SCV  
  133  8:45  Marine x2, Marauder  
  136  8:49  Terran Infantry Weapons Level 2  
  136  8:55  Factory Tech Lab  
  136  8:59  Marine x2  
  136  9:00  Marine  
  136  9:01  Marine  
  140  9:04  Siege Tank, Command Center  
  140  9:08  Supply Depot  
  140  9:09  Medivac  
  145  9:11  Concussive Shells  
  145  9:13  Supply Depot  
  145  9:15  Marauder, Terran Infantry Armor Level 2  
  145  9:16  Marine  
  147  9:20  Marine x2  
  147  9:23  Marine  
  153  9:24  Marine x2, Siege Tank  
  153  9:25  Marine  
  156  9:32  Barracks  
  156  9:36  Barracks  
  156  9:38  Barracks  
  156  9:39  Siege Tank  
  156  9:40  SCV  
  156  9:42  Supply Depot  
  156  9:49  Viking x2  
  156  9:51  Marine x2, Supply Depot  
  156  9:52  Marine x2  
  164  9:53  Marine  
  164  9:55  Supply Depot  
  164  9:56  Marine  
  164  9:59  Marine, Siege Tank  
Spawning Tool Build Advisor. Get it on Overwolf

Go to:

Details

  • Created by: fakeapc123
  • Published on: Oct 07, 2024
  • Modified on: Oct 07, 2024
  • Patch: 5.0.11
  • Difficulty: Hard
Show
View Real Time Build Order
Export as new Build Order

Comments (0)

There are no comments. Be the first!

Create an account to comment!